Map: Eastwatch LE

Players

Neeb - Winner!

  • Race: Protoss Protoss
  • Spawn Location: 7:00

INnoVation

  • Race: Terran Terran
  • Spawn Location: 1:00

Event: 2018 Hangzhou StarCraft Carnival

VOD

Have the link to the VOD?

Description

Time

  • Played on: April 29, 2018, 12:13 a.m.
  • Length: 15:26

All games in this series

Show
View Real Time Build Order
Export as new Build Order

Neeb Protoss - Winner!

Build Orders: 1 Gate Expand, Colossus Rush 

Get SALT Encoding   

  12  0:01  Probe  
  13  0:13  Probe  
  14  0:18  Pylon  
  14  0:24  Probe  
  15  0:32  Probe  
  15  0:38  Gateway  
  15  0:40  Probe  
  16  0:47  Assimilator  
  17  0:51  Probe  
  18  1:03  Probe  
  19  1:15  Probe  
  20  1:23  Nexus  
  20  1:32  Cybernetics Core  
  20  1:37  Probe  
  21  1:40  Assimilator  
  21  1:49  Probe  
  21  1:52  Pylon  
  22  2:01  Adept, Probe  
  23  2:09  Probe  
  23  2:11  Warp Gate  
  26  2:17  Probe  
  27  2:27  Adept, Probe  
  30  2:31  Probe  
  30  2:32  Robotics Facility  
  31  2:39  Probe  
  32  2:53  Probe  
  32  2:55  Probe  
  36  3:03  Probe  
  36  3:04  Stalker  
  37  3:05  Probe  
  37  3:11  Probe  
  38  3:12  Forge  
  38  3:17  Probe  
  38  3:18  Pylon  
  41  3:20  Observer  
  41  3:21  Probe  
  41  3:22  Protoss Ground Armor Level 1  
  42  3:29  Probe  
  42  3:30  Gateway  
  42  3:33  Probe  
  44  3:37  Gateway  
  45  3:41  Observer  
  45  3:42  Probe  
  45  3:45  Probe  
  47  3:48  Shield Battery  
  47  3:54  Probe  
  48  3:55  Assimilator  
  48  4:00  Probe  
  50  4:02  Observer  
  50  4:06  Probe  
  49  4:15  Probe  
  48  4:18  Probe  
  48  4:28  Probe  
  48  4:30  Probe  
  50  4:35  Nexus  
  50  4:37  Pylon  
  50  4:39  Robotics Bay  
  50  4:40  Probe  
  50  4:41  Assimilator  
  50  4:42  Probe  
  52  4:52  Probe  
  53  4:55  Immortal  
  53  4:56  Pylon, Probe  
  53  4:59  Sentry x2  
  62  5:05  Protoss Ground Weapons Level 1  
  62  5:09  Pylon  
  62  5:14  Probe  
  62  5:15  Probe  
  62  5:16  Stalker  
  66  5:27  Stalker x2, Probe x2  
  70  5:31  Observer  
  70  5:32  Colossus  
  69  5:39  Probe x2  
  77  5:50  Stalker  
  77  5:51  Probe x2  
  77  5:54  Stalker  
  77  5:56  Stalker  
  85  5:57  Probe  
  85  6:03  Shield Battery  
  86  6:04  Probe  
  86  6:10  Gateway  
  86  6:11  Gateway  
  87  6:19  Observer  
  87  6:22  Adept x2  
  91  6:29  Stalker  
  91  6:32  Pylon  
  93  6:35  Probe x2  
  93  6:40  Colossus  
  93  6:43  Probe  
  93  6:45  Assimilator  
  93  6:46  Assimilator  
  92  6:48  Forge, Twilight Council  
  92  6:49  Probe  
  92  6:51  Pylon  
  92  6:52  Pylon  
  99  6:55  Stalker  
  101  7:02  Pylon, Extended Thermal Lance  
  101  7:09  Probe x2  
  101  7:10  Stalker x2  
  101  7:13  Stalker x2  
  109  7:17  Protoss Ground Weapons Level 2  
  109  7:18  Protoss Ground Armor Level 2  
  101  7:25  Probe  
  101  7:27  Probe  
  87  7:30  Probe  
  87  7:33  Probe  
  88  7:39  Probe  
  88  7:42  Probe x2  
  91  7:46  Stalker  
  91  7:47  Zealot x2, Stalker  
  100  7:51  Probe  
  100  7:54  Probe x2  
  103  8:03  Colossus, Probe  
  110  8:06  Probe x2  
  110  8:11  Blink  
  111  8:15  Probe  
  111  8:17  Gateway  
  111  8:18  Gateway, Probe  
  114  8:21  Gateway  
  114  8:24  Observer  
  105  8:28  Stalker x2  
  105  8:30  Zealot  
  103  8:36  Stalker  
  98  8:41  Probe x3  
  99  8:50  Stalker x2  
  97  8:56  Sentry x2  
  97  8:58  Probe x2  
  97  9:00  Observer  
  103  9:08  Nexus  
  103  9:10  Probe  
  103  9:15  Sentry  
  103  9:16  Sentry  
  108  9:19  Colossus  
  108  9:21  Protoss Ground Weapons Level 3  
  114  9:29  Protoss Ground Armor Level 3  
  114  9:30  Stalker x5  
  124  9:33  Pylon, Observer  
  124  9:35  Pylon  
  124  9:43  Pylon x2  
  124  9:57  Stalker  
  124  9:58  Stalker  
  128  10:08  Colossus  
  128  10:09  Stalker x3  
  128  10:14  Probe  
  128  10:15  Observer, Probe  
  128  10:17  Probe  
  128  10:21  Probe  
  138  10:24  Observer  
  138  10:26  Probe  
  138  10:27  Resonating Glaives, Probe  
  140  10:29  Probe  
  141  10:36  Probe  
  141  10:39  Probe x2  
  144  10:45  Phoenix  
  144  10:53  Assimilator, Stalker x4  
  144  10:54  Pylon, Assimilator, Stalker x2  
  144  10:56  Pylon  
  156  11:00  Colossus  
  156  11:02  Stalker  
  158  11:17  Stalker x6  
  176  11:26  Pylon  
  176  11:27  Pylon  
  150  11:43  Adept x7  
  154  12:04  Stalker x7  
  165  12:13  Colossus  
  145  12:25  Assimilator  
  145  12:27  Stalker x2  
  145  12:28  Stalker x3  
  150  12:37  Nexus  
  150  12:51  Probe x2  
  150  12:56  Zealot x2, Sentry x3  
  150  12:57  Adept x2  
  167  12:58  Probe  
  167  12:59  Colossus  
  167  13:02  Probe  
  167  13:03  Pylon  
  168  13:17  Protoss Shields Level 1  
  168  13:18  Observer  
  168  13:21  Stalker x3  
  168  13:22  Stalker x4  
  180  13:47  Colossus  
  180  13:51  Assimilator  
  180  13:55  Stalker x7  
  198  13:58  Pylon  
  198  14:00  Assimilator  
  198  14:02  Templar Archives  
  174  14:18  Stalker  
  174  14:19  Stalker x5  
  184  14:45  Zealot x2  
  172  14:46  Adept x5  
  172  14:50  Observer  
  144  14:59  Probe  
  143  15:03  Probe  
  144  15:07  Stalker x7  
Show
View Real Time Build Order
Export as new Build Order

INnoVation Terran 

Build Orders: Cyclone Opening, Reaper Expand, MMM Bio 

Get SALT Encoding   

  12  0:00  SCV  
  13  0:12  SCV  
  14  0:17  Supply Depot  
  14  0:24  SCV  
  15  0:38  SCV  
  15  0:40  Barracks  
  16  0:44  Refinery  
  16  0:50  SCV  
  17  1:02  SCV  
  18  1:14  SCV  
  19  1:27  Reaper, Orbital Command  
  20  1:44  Command Center  
  20  1:52  SCV  
  20  1:53  Supply Depot  
  21  1:59  Marine  
  22  2:04  Factory  
  22  2:07  SCV  
  23  2:11  Refinery  
  23  2:19  SCV  
  23  2:21  Barracks Reactor  
  24  2:31  SCV  
  25  2:43  SCV  
  26  2:50  Cyclone  
  29  2:55  SCV  
  29  2:56  Orbital Command  
  29  2:57  Marine x2  
  32  3:06  Starport  
  32  3:07  SCV  
  33  3:14  Marine  
  33  3:15  Marine  
  33  3:18  Barracks  
  33  3:19  SCV  
  36  3:22  SCV  
  36  3:23  Factory Tech Lab  
  37  3:32  SCV  
  38  3:34  SCV  
  38  3:36  Supply Depot  
  38  3:38  Engineering Bay  
  39  3:42  Medivac  
  39  3:44  SCV  
  39  3:46  SCV  
  39  3:47  Widow Mine  
  45  3:53  Barracks  
  45  3:56  Marine  
  45  3:57  Marine  
  47  4:03  SCV x2  
  48  4:11  Widow Mine  
  48  4:15  SCV x2  
  49  4:17  Starport Tech Lab  
  49  4:21  Terran Infantry Weapons Level 1  
  49  4:22  Refinery  
  49  4:23  Marine x2, Supply Depot  
  48  4:27  Stimpack  
  48  4:30  SCV x2  
  50  4:41  Marine x2  
  50  4:42  Starport Reactor  
  50  4:43  SCV  
  50  4:44  SCV  
  54  4:46  Supply Depot  
  54  4:48  Marauder x2  
  54  4:50  Refinery  
  58  4:53  Factory Reactor  
  58  4:55  SCV  
  58  4:56  SCV  
  58  4:58  Supply Depot  
  60  5:02  Marine x2  
  60  5:04  Combat Shields  
  62  5:10  Supply Depot  
  62  5:12  SCV x2, Supply Depot  
  64  5:20  Marauder x2  
  68  5:27  Marine x2  
  68  5:28  Medivac x2  
  72  5:34  Widow Mine, Supply Depot  
  72  5:35  Widow Mine  
  78  5:38  SCV x2  
  76  5:43  Marauder  
  76  5:44  Marauder  
  76  5:45  Marine  
  81  5:56  Widow Mine x2  
  81  5:57  Supply Depot  
  88  6:04  Marine x2  
  88  6:07  Marauder x2  
  88  6:09  Medivac x2  
  95  6:17  Widow Mine x2  
  99  6:20  Supply Depot  
  99  6:21  Terran Infantry Armor Level 1  
  99  6:22  Concussive Shells  
  99  6:24  Marine x2  
  101  6:28  Marauder x2  
  100  6:41  Command Center  
  95  6:47  Marine x2  
  95  6:49  Liberator  
  95  6:50  Liberator, Marauder x2  
  101  6:56  Supply Depot  
  101  6:58  SCV x2  
  103  7:01  Barracks  
  103  7:02  Barracks  
  109  7:11  SCV x2  
  111  7:21  Marauder x2  
  103  7:27  Marine x2  
  103  7:28  SCV  
  99  7:41  SCV x2  
  101  7:44  Liberator x2, Armory, Marauder  
  101  7:45  Marine x2, Marauder  
  101  7:47  Engineering Bay  
  107  7:52  Barracks Tech Lab, Barracks Reactor, Orbital Command  
  107  8:03  SCV  
  107  8:05  SCV  
  115  8:14  Refinery  
  115  8:15  SCV, Refinery  
  115  8:17  SCV  
  110  8:29  Marine x3, Marauder x3  
  110  8:30  Liberator  
  110  8:31  SCV x3  
  114  8:36  Liberator  
  114  8:39  Terran Infantry Weapons Level 2  
  114  8:40  Terran Infantry Armor Level 2  
  111  8:55  Marine x4  
  118  9:03  Marauder x2  
  118  9:04  Marauder  
  118  9:05  Terran Ship Weapons Level 1  
  124  9:13  Missile Turret  
  124  9:15  Marine x4  
  128  9:20  SCV x2  
  128  9:21  SCV, Starport  
  131  9:24  Supply Depot  
  131  9:30  Viking  
  133  9:35  Command Center  
  133  9:36  Viking  
  135  9:41  Bunker  
  135  9:44  Marauder x2  
  135  9:45  Marauder  
  141  9:46  Marine x4  
  145  9:55  Supply Depot  
  145  9:56  Supply Depot  
  145  10:00  Viking x2  
  145  10:02  Missile Turret  
  149  10:10  Viking x2  
  149  10:17  Marauder x3  
  149  10:19  Marine  
  149  10:20  Marine x3  
  159  10:27  Missile Turret  
  158  10:28  Supply Depot  
  158  10:30  Supply Depot  
  156  10:42  Viking x4  
  162  10:57  Terran Infantry Weapons Level 3, Terran Infantry Armor Level 3  
  162  11:01  Terran Ship Weapons Level 2  
  162  11:06  Marauder x2, Ghost Academy  
  162  11:07  Marauder  
  162  11:08  Planetary Fortress  
  166  11:13  SCV x3  
  166  11:15  Marine x4  
  172  11:21  Refinery  
  172  11:23  Refinery  
  173  11:25  SCV x2  
  173  11:26  SCV  
  172  11:38  Ghost x3  
  172  11:42  Marine x2  
  172  11:43  Marine x2  
  172  11:45  SCV, Liberator  
  172  11:46  SCV x2, Liberator x3  
  164  12:20  Marauder x3  
  164  12:22  Marine x4  
  154  12:28  Liberator x3  
  154  12:29  Liberator  
  141  12:39  Marine  
  141  12:40  Marine x3  
  141  12:41  Marauder x2  
  141  12:42  Marauder  
  154  12:57  Marine x2  
  154  12:58  Marine  
  155  13:03  Marauder x3  
  158  13:06  Marine  
  159  13:15  Marine x2  
  159  13:22  Marine, Liberator x2  
  159  13:23  Liberator  
  159  13:24  Marine, Marauder x3  
  159  13:26  Command Center  
  166  13:33  Marine x2  
  168  13:38  Medivac  
  179  13:45  Marauder  
  179  13:46  Marauder x2  
  185  13:52  Marine x4  
  189  13:59  SCV  
  189  14:01  Barracks  
  189  14:02  Barracks  
  190  14:03  Barracks  
  190  14:06  Ghost x3  
  196  14:11  SCV  
  195  14:23  Marine  
  196  14:28  Marine  
  196  14:29  Marine  
  196  14:30  Marine  
  195  14:31  Viking x3  
  195  14:32  Viking  
  170  14:49  Marine x4, Marauder x3  
  147  14:58  Barracks Tech Lab x2, Barracks Reactor  
  114  15:06  Marine  
  114  15:07  Marine x3  
Tags
 
Add a new tag
Caveats
  • Supply blocks, unpowered buildings, or Contaminate may cause inaccurate times.
  • Supply counts are checked every 10 seconds.